 Dungeon Crawl Stone Soup version 0.30-a0-2-gf48d83f5e2 (webtiles) character file.

Game seed: 14573062614433085475

199 kae the Firebug (level 5, -1/29 HPs)
             Began as a Deep Elf Fire Elementalist on Aug 19, 2022.
             Killed from afar by Ijyb (14 damage)
             ... with a bolt of dispelling energy
             ... on level 4 of the Dungeon.
             The game lasted 00:02:24 (4257 turns).

kae the Firebug (Deep Elf Fire Elementalist)        Turns: 4257, Time: 00:02:24

Health: -1/29      AC:  3    Str:  5    XL:     5   Next: 48%
Magic:  12/21      EV: 13    Int: 22    God:
Gold:   220        SH:  0    Dex: 15    Spells: 5/11 levels left

rFire   . . .      SeeInvis .    (no weapon)
rCold   . . .      Faith    .    (no shield)
rNeg    . . .      Spirit   .    a - +1 robe
rPois   .          Reflect  .    (no helmet)
rElec   .          Harm     .    (no cloak)
rCorr   .          Rampage  .    (no gloves)
Will    .....                    (no boots)
Stlth   ++........               (no amulet)
HPRegen 0.09/turn                W - ring of magical power
MPRegen 0.17/turn                (no ring)

@: no status effects
A: no striking features
a: no special abilities


You were on level 4 of the Dungeon.
You visited 1 branch of the dungeon, and saw 4 of its levels.

You collected 220 gold pieces.


   Skills:
 + Level 1.5 Fighting
 + Level 3.2 Dodging
 - Level 2.4 Stealth
 + Level 3.9 Spellcasting
 * Level 3.4 Conjurations
 * Level 4.5 Fire Magic


You had 5 spell levels left.
You knew the following spells:

 Your Spells              Type           Power      Damage    Failure   Level
a - Foxfire               Conj/Fire      84%        2x1d8     2%          1
b - Scorch                Fire           48%        2d7       2%          2
c - Conjure Flame         Conj/Fire      21%        6-21      7%          3

Your spell library contained the following spells:

 Spells                   Type           Power      Damage    Failure   Level
 Inner Flame              Hex/Fire       14%        N/A       13%         3
 Flame Wave               Conj/Fire      21%        2d8       22%         4
 Confusing Touch          Hex            4%         N/A       34%         3
 Yara's Violent Unravell  Hex/Tmut       2%         3d3       97%         5
 Summon Cactus Giant      Summ           2%         N/A       100%        6
 Enfeeble                 Hex            2%         N/A       100%        7

Inventory:

Missiles
 c - 34 stones
Armour
 a - a +1 robe (worn)
Jewellery
 W - a ring of magical power (left hand)
   (You found it on level 2 of the Dungeon)
Scrolls
 h - a scroll of identify {@r1}
 i - a scroll of amnesia
 j - a scroll of teleportation {unknown}
Potions
 b - a potion of magic
 d - 3 potions of attraction {unknown}
 e - 2 potions of curing {unknown}
 f - 2 potions of berserk rage {!q}
 g - a potion of brilliance {unknown}
 k - 2 potions of ambrosia {unknown}
 l - 2 potions of resistance {unknown}
 m - 2 potions of invisibility
 o - a potion of mutation {unknown}

Dungeon Overview and Level Annotations

Branches:
Dungeon (4/15) Zot: 19733
 Temple: D:4-7

Altars:
Hepliaklqana

Shops:
D:2 !

Annotations:
D:3 3 runed translucent doors, bear's ghost, weakling DEEE
D:4 Dowan; Duvessa; Ijyb

.
#..........................
#..#####.#..########.......
#..#####.#..# #..#####
.........)..# #..#
#..#######.## #..# #.# #[.#
#.# #.)# #.# #..#####
######@#########.......
........ยงg.....##..#####
#################..# #..#
#..# #..# #..# ####


You could see Ijyb (combustible).


Message History

Confirm with . or Enter, or press ? or * to list all spells.
You conjure some foxfire! ๐Ÿ˜Ž MP[-1]
You lost 1 mp, and now have 17/21 mp.
A goblin comes into view. It is wielding a +0 dagger. ๐Ÿ˜Ž MP[+4]
Your mp is fully restored (21).
A goblin is nearby!
A goblin is nearby!
A goblin is nearby!
The goblin shouts!
The goblin unwields a +0 dagger.
The goblin wields a +0 sling.
The goblin shoots a sling bullet.
The sling bullet hits you. ๐Ÿ˜• HP[-1]
You take 1 damage, and now have 28/29 hp.
Casting: Foxfire (safe; 2% risk of failure)
Confirm with . or Enter, or press ? or * to list all spells.
You conjure some foxfire!
The foxfire hits the goblin.
You kill the goblin! ๐Ÿ˜Ž HP[+1] MP[-1]
Your hp is fully restored (29).
You lost 1 mp, and now have 20/21 mp.
Casting: Foxfire (safe; 2% risk of failure)
Confirm with . or Enter, or press ? or * to list all spells.
You can't see any susceptible monsters within range! (Use Z to cast anyway.)
Things that are here:
a +0 sling; a +0 dagger; a goblin corpse
Found a stone staircase leading down. ๐Ÿ˜Ž MP[+1]
Your mp is fully restored (21).
There is a stone staircase leading down here.
Found a stone staircase leading up.
An orc comes into view. It is wielding a +0 dagger.
An orc is nearby!
An orc is nearby!
An orc is nearby!
Casting: Foxfire (safe; 2% risk of failure)
Confirm with . or Enter, or press ? or * to list all spells.
You conjure some foxfire!
The orc shouts!
The foxfire hits the orc!
You kill the orc! ๐Ÿ˜Ž MP[-1]
You lost 1 mp, and now have 20/21 mp.
Casting: Foxfire (safe; 2% risk of failure)
Confirm with . or Enter, or press ? or * to list all spells.
You conjure some foxfire! ๐Ÿ˜Ž MP[-1]
You lost 1 mp, and now have 19/21 mp.
Casting: Foxfire (safe; 2% risk of failure)
Confirm with . or Enter, or press ? or * to list all spells.
You conjure some foxfire!
You see here a +0 dagger.
k - 2 red potions ๐Ÿ˜Ž MP[+2]
Your mp is fully restored (21).
You see here a +0 pair of gloves.
You see here a +0 robe.
Ijyb the Twisted Goblin comes into view.
She is wielding a +0 club and carrying a wand of quicksilver (4).
Unknown command.
Casting: Foxfire (safe; 2% risk of failure)
Confirm with . or Enter, or press ? or * to list all spells.
The spell is quite dangerous to miscast (7% risk of failure)!
Continue anyway?
The fire begins to smoulder!
Ijyb shouts!
Ijyb zaps a wand.
The bolt of dispelling energy hits you. ๐Ÿ˜• HP[-4] MP[-3]
You take 4 damage, and now have 25/29 hp.
You lost 3 mp, and now have 18/21 mp.
Unknown command.
The fire ignites!
Casting: Conjure Flame (quite dangerous; 7% risk of failure)
Confirm with . or Enter, or press ? or * to list all spells.
You conjure some foxfire!
Ijyb zaps a wand.
The bolt of dispelling energy hits your foxfire!
The bolt of dispelling energy hits you!
* * * LOW HITPOINT WARNING * * *
The foxfire hits Ijyb. x2 ๐Ÿ˜จ HP[-12] MP[-1]
You take 12 damage, and now have 13/29 hp.
MASSIVE DAMAGE!! (PAUSE)
You lost 1 mp, and now have 17/21 mp.
Casting: Foxfire (safe; 2% risk of failure)
Confirm with . or Enter, or press ? or * to list all spells.
Flames lash Ijyb.
Ijyb's fire resistance burns away. ๐Ÿ˜จ MP[-1]
You lost 1 mp, and now have 16/21 mp.
Casting: Scorch (safe; 2% risk of failure)
Confirm with . or Enter, or press ? or * to list all spells.
Flames lash Ijyb.
Ijyb is burned terribly! ๐Ÿ˜จ MP[-2]
You lost 2 mp, and now have 14/21 mp.
Casting: Scorch (safe; 2% risk of failure)
Confirm with . or Enter, or press ? or * to list all spells.
Flames lash Ijyb.
Ijyb is burned terribly!
Ijyb zaps a wand.
The bolt of dispelling energy hits you!
You die...

Skill      XL: |  1  2  3  4 |
---------------+-------------+-----
Conjurations   | 2 3 |  3.4
Fighting       | 1 |  1.5
Fire Magic     | 4 |  4.5
Dodging        | 3 |  3.2
Stealth        | |  2.4
Spellcasting   | |  3.9

Action                   |  1- 3 |  4- 6 || total
-------------------------+-------+-------++-------
Melee: Unarmed           |     4 |     1 ||     5
 Cast: Foxfire           |    73 |    21 ||    94
       Scorch            |    20 |    14 ||    34
       Conjure Flame     |       |     2 ||     2
  Use: Scroll            |     4 |     5 ||     9
 Stab: Distracted        |     1 |       ||     1
Armor: Robe              |     2 |     3 ||     5
Dodge: Dodged            |    16 |     6 ||    22

Levels and vault maps discovered:
D:1:      evilmike_arrival_crescent, layout_loops_cross,
          hellmonk_ecumenical_altar_pennies_from_heaven, st_stairs_3
D:2:      layout_basic, serial_shops, nicolae_shop_crystal
D:3:      layout_loops_ring, nicolae_hepliaklqana_monster_ancestors,
          gammafunk_ghost_nasty_kobolds
D:4:      layout_basic, uniq_duvessa, uniq_ijyb

Notes
Turn   | Place    | Note
-------+----------+-------------------------------------------
     0 | D:1      | kae the Deep Elf Fire Elementalist began the quest for the
                  | Orb.
     0 | D:1      | Reached XP level 1. HP: 10/10 MP: 6/6
     0 | D:1      | magus.rc [v1.11.3]
   123 | D:1      | Reached XP level 2. HP: 11/15 MP: 2/8
   141 | D:1      | Learned a level 2 spell: Scorch
   673 | D:1      | Reached skill level 2 in Conjurations
   811 | D:1      | Found a faded altar of an unknown god.
  1019 | D:1      | Reached XP level 3. HP: 15/20 MP: 3/9
  1023 | D:1      | Learned a level 3 spell: Conjure Flame
  1229 | D:2      | Found Waqutz's Distillery.
  1823 | D:2      | You pick up a book of Scorching and begin reading...
  2559 | D:3      | Reached skill level 1 in Fighting
  2843 | D:3      | Found a runed translucent gate.
  2843 | D:3      | Found a runed translucent gate.
  2845 | D:3      | Found a runed translucent gate.
  2846 | D:3      | Noticed bear's ghost (weakling DEEE)
  2846 | D:3      | Noticed a kobold brigand
  3110 | D:3      | Found a hazy altar of Hepliaklqana.
  3116 | D:3      | Reached XP level 4. HP: 25/25 MP: 11/11
  3232 | D:4      | You pick up a book of Misfortune and begin reading...
  3232 | D:4      | You add the spells Confusing Touch, Yara's Violent
                  | Unravelling and Enfeeble to your library.
  3293 | D:4      | Reached skill level 4 in Fire Magic
  3597 | D:4      | Reached skill level 3 in Dodging
  3597 | D:4      | Reached skill level 3 in Conjurations
  3798 | D:4      | Noticed a necrophage
  3808 | D:4      | Killed a necrophage
  3809 | D:4      | Reached XP level 5. HP: 29/29 MP: 10/12
  3945 | D:4      | Noticed Duvessa
  3945 | D:4      | Noticed Dowan
  4247 | D:4      | Noticed Ijyb
  4257 | D:4      | Killed from afar by Ijyb

Vanquished Creatures
  A necrophage (D:4)
  An iguana (D:4)
  An orc wizard (D:3)
  An adder (D:4)
  2 dart slugs (D:3)
  8 orcs
  6 ball pythons
  5 endoplasms
  3 giant cockroaches
  5 goblins
  9 hobgoblins
  2 quokkas (D:1)
  6 frilled lizards
  8 kobolds
  7 rats
  A spectral kobold (D:3)
66 creatures vanquished.

Vanquished Creatures (others)
  149 foxfires
149 creatures vanquished.

Grand Total: 215 creatures vanquished

Table legend:
 A = Non-vault XP
 B = Vault XP
 C = Vault XP percentage of total XP
 D = Non-vault monster count
 E = Vault monster count
 F = Vault count percentage of total count
                 A         B        C        D         E       F
            +---------+---------+-------+---------+---------+-------
      Total |     277 |       8 |   2.8 |      61 |       5 |   7.6
            +---------+---------+-------+---------+---------+-------
        D:1 |      37 |       5 |  11.9 |      24 |       3 |  11.1
        D:2 |      28 |       0 |   0.0 |      17 |       0 |   0.0
        D:3 |      59 |       3 |   4.8 |      10 |       2 |  16.7
        D:4 |     153 |       0 |   0.0 |      10 |       0 |   0.0
            +---------+---------+-------+---------+---------+-------

Illustrated notes

Table legend:
 A = Kills in this place as a percentage of kills in entire the game.
 B = Kills by you in this place as a percentage of kills by you in the entire game.
 C = Kills by friends in this place as a percentage of kills by friends in the entire game.
 D = Other kills in this place as a percentage of other kills in the entire game.
 E = Experience gained in this place as a percentage of experience gained in the entire game.
 F = Experience gained in this place divided by the number of levels of this place that you have seen.
                   A       B       C       D       E      F
               +-------+-------+-------+-------+-------+----------------------
         Total | 100.0 | 100.0 |   N/A |   N/A | 100.0 |  71.2
       Dungeon | 100.0 | 100.0 |   N/A |   N/A | 100.0 |  71.2
               +-------+-------+-------+-------+-------+----------------------

Table legend: (Time is in decaauts)
 A = Elapsed time spent in this place.
 B = Non-inter-level travel time spent in this place.
 C = Inter-level travel time spent in this place.
 D = Time resting spent in this place.
 E = Time spent auto-exploring this place.
 F = Levels seen in this place.
 G = Mean time per level.
                   A        B        C        D        E       F      G
               +--------+--------+--------+--------+--------+-----+--------+
         Total |   4265 |   4221 |     44 |    460 |   3297 |   4 | 1066.2 |
       Dungeon |   4265 |   4221 |     44 |    460 |   3297 |   4 | 1066.2 |
               +--------+--------+--------+--------+--------+-----+--------+

Top non-repeatable levels by time:
     D:2: 1233 daAuts
     D:1: 1134 daAuts
     D:3: 1113 daAuts
     D:4: 785 daAuts
